 Dungeon Crawl Stone Soup version 0.30-a0-347-gf58ed5266c (webtiles) character file.

Game seed: 10088403504890564780

870 MTVSty1e the Cleaver (level 7, -4/58 (66) HPs)
             Began as a Minotaur Fighter on Nov 6, 2022.
             Slain by Duvessa
             ... wielding a +2 short sword of speed
              (11 damage)
             ... on level 5 of the Dungeon.
             The game lasted 00:03:52 (2947 turns).

MTVSty1e the Cleaver (Minotaur Fighter)             Turns: 2947, Time: 00:03:52

HP:   -4/58 (66)    AC:  8    Str: 29    XL:     7   Next: 73%
MP:   6/6           EV: 10    Int:  5    God:
Gold: 187           SH:  4    Dex:  9    Spells: 6/6 levels left

rFire   . . .      SeeInvis .    a - +0 war axe
rCold   . . .      Faith    .    c - +0 buckler
rNeg    . . .      Spirit   .    i - +3 ring mail {rPois}
rPois   +          Reflect  .    (helmet restricted)
rElec   .          Harm     .    (no cloak)
rCorr   .          Rampage  .    (no gloves)
Will    .....                    (no boots)
Stlth   ..........               (no amulet)
HPRegen 0.29/turn                q - +6 ring of strength
MPRegen 0.10/turn                (no ring)

@: heavily drained
A: horns 2, retaliatory headbutt
a: no special abilities


You were on level 5 of the Dungeon.
You visited 1 branch of the dungeon, and saw 5 of its levels.

You collected 187 gold pieces.

Inventory:

Hand Weapons
 a - a +0 war axe (weapon)
 r - a +0 war axe of distortion
Armour
 b - a +0 scale mail
 c - a +0 buckler (worn)
 i - a +3 ring mail of poison resistance (worn)
Jewellery
 q - a +6 ring of strength (left hand)
Wands
 m - a wand of flame (25)
Scrolls
 d - a scroll of magic mapping
 g - 3 scrolls of identify
 l - a scroll of amnesia
 o - 2 scrolls of teleportation
 s - 2 scrolls of poison
 u - 2 scrolls of fog {unknown}
Potions
 e - 2 potions of invisibility
 f - a potion of flight {unknown}
 h - a potion of berserk rage {unknown}
 j - 3 potions of mutation {unknown}
 k - 2 potions of degeneration {unknown}
 n - a potion of curing {unknown}
 p - a potion of cancellation {unknown}
 t - 3 potions of heal wounds {unknown}


   Skills:
 + Level 7.0 Fighting
 * Level 9.0 Axes
 - Level 3.6 Armour
 - Level 3.6 Shields


You had 6 spell levels left.
You didn't know any spells.
Your spell library contained the following spells:

 Spells                   Type           Power      Damage    Failure   Level
 Apportation              Tloc           0%         N/A       69%         1
 Sandblast                Erth           0%         2d4       69%         1
 Passwall                 Tmut/Erth      0%         N/A       83%         2
 Sublimation of Blood     Necr           0%         N/A       83%         2
 Stone Arrow              Conj/Erth      0%         3d7       96%         3
 Tukima's Dance           Hex            0%         N/A       96%         3
 Animate Armour           Summ/Erth      0%         N/A       100%        4
 Passage of Golubria      Tloc           0%         N/A       100%        4
 Petrify                  Tmut/Erth      0%         N/A       100%        4
 Alistair's Intoxication  Tmut/Pois      0%         N/A       100%        5
 Irradiate                Conj/Tmut      0%         3d11      100%        5
 Yara's Violent Unravell  Hex/Tmut       0%         3d3       100%        5
 Lehudib's Crystal Spear  Conj/Erth      0%         10d2      100%        8


Dungeon Overview and Level Annotations

Branches:
Dungeon (5/15)
 Temple: D:4-7

Altars:

Annotations:
D:5 Duvessa


Innate Abilities, Weirdness & Mutations

You have a pair of horns on your head.
You reflexively headbutt those who attack you in melee.


Message History

Duvessa hits you with a +2 short sword of speed.
Dowan hits you with a +3 dagger of draining.
You feel drained.
You closely miss Dowan.
Dowan is severely wounded.
You slash Duvessa!
Duvessa hits you with a +2 short sword of speed!
Dowan hits you with a +3 dagger of draining.
You feel drained.
You are too injured to fight recklessly!
You are too injured to fight recklessly!
You are too injured to fight recklessly!
You are too injured to fight recklessly!
You are too injured to fight recklessly!
You are too injured to fight recklessly!
You are too injured to fight recklessly!
You are too injured to fight recklessly!
You are too injured to fight recklessly!
You are too injured to fight recklessly!
Unknown command.
You closely miss Duvessa.
Duvessa is severely wounded.
You closely miss Dowan. Duvessa closely misses you.
Dowan hits you but does no damage.
You feel drained. Duvessa completely misses you.
You hit Duvessa but do no damage.
Duvessa is severely wounded.
You closely miss Dowan. Duvessa barely misses you.
Dowan gestures at you while chanting. The puff of flame hits you!
You barely miss Duvessa.
Duvessa is severely wounded.
You slash Dowan!
You kill Dowan!
Duvessa screams in rage.
Duvessa goes berserk!
Duvessa hits you but does no damage.
Duvessa hits you with a +2 short sword of speed!
* * * LOW HITPOINT WARNING * * *
Duvessa hits you with a +2 short sword of speed!
You die...

### # ..# #.# ####.# ###
.#.. .....# #..
#....######..#######.#
......e.>.........##.#
##..###@###.......##.###
#)## ##.##......... #.
#.####.##.### .. #.#
#....... ### .##
####.### # #.# #.# #.#
#.#


You could see Duvessa (berserk).

Vanquished Creatures
  Sigmund (D:3)
  An orc warrior (D:4)
  A black bear (D:4)
  A scorpion (D:4)
  A gnoll sergeant (D:4)
  Dowan (D:5)
  A jelly (D:4)
  A hound (D:5)
  Ijyb (D:5)
  Jessica (D:2)
  2 iguanas
  Natasha (D:2)
  9 gnolls
  4 adders
  3 dart slugs
  An orc (D:3)
  6 ball pythons
  6 endoplasms
  7 giant cockroaches
  A goblin (D:4)
  10 hobgoblins
  5 jackals
  5 quokkas
  6 bats
  3 frilled lizards
  8 kobolds
  8 rats
95 creatures vanquished.

Notes
Turn   | Place    | Note
-------+----------+-------------------------------------------
     0 | D:1      | MTVSty1e the Minotaur Fighter began the quest for the Orb.
     0 | D:1      | Reached XP level 1. HP: 19/19 MP: 0/0
   158 | D:1      | Reached skill level 3 in Axes
   179 | D:1      | Reached XP level 2. HP: 27/27 MP: 1/1
   541 | D:2      | Reached skill level 4 in Axes
   541 | D:2      | Reached XP level 3. HP: 30/34 MP: 2/2
   549 | D:2      | Reached XP level 4. HP: 37/41 MP: 3/3
   673 | D:2      | Noticed Jessica
   677 | D:2      | Killed Jessica
   678 | D:2      | Reached skill level 5 in Axes
   765 | D:2      | Noticed Natasha
   776 | D:2      | Killed Natasha
  1046 | D:2      | Reached XP level 5. HP: 47/47 MP: 4/4
  1464 | D:3      | Reached skill level 5 in Fighting
  1538 | D:3      | Noticed Sigmund
  1544 | D:3      | Killed Sigmund
  1545 | D:3      | Reached skill level 6 in Axes
  1545 | D:3      | Reached XP level 6. HP: 41/57 MP: 5/5
  1872 | D:4      | Reached skill level 7 in Axes
  2238 | D:4      | Reached XP level 7. HP: 57/63 MP: 6/6
  2401 | D:4      | Reached skill level 8 in Axes
  2750 | D:5      | Entered Level 5 of the Dungeon
  2750 | D:5      | Noticed Ijyb
  2754 | D:5      | Killed Ijyb
  2808 | D:5      | Reached skill level 9 in Axes
  2932 | D:5      | Noticed Duvessa
  2933 | D:5      | Noticed Dowan
  2947 | D:5      | Killed Dowan
  2947 | D:5      | Slain by Duvessa

Illustrated notes

Levels and vault maps discovered:
D:1:      heliophobic_arrival_dark_side_of_the_moon, layout_loops_ring
D:2:      layout_loops_cross, minmay_pentomino_w4, uniq_jessica, uniq_natasha
D:3:      layout_rooms, uniq_sigmund
D:4:      minmay_clustersquares, layout_gridville
D:5:      layout_loops_ring, grunt_dithmenos_smoke,
          minmay_temple_entry_overgrown, nicolae_concentric_dashed_squares_wild,
          uniq_ijyb, uniq_duvessa, uniq_grinder

Skill      XL: |  1  2  3  4  5  6  7 |
---------------+----------------------+-----
Axes           | 3 4 5 6 7 9 |  9.0
Fighting       | 4 5 6 7 |  7.0
Armour         | |  3.6
Shields        | |  3.6

Action                   |  1- 3 |  4- 6 |  7- 9 || total
-------------------------+-------+-------+-------++-------
Melee: War axe           |    67 |    92 |    58 ||   217
       Headbutt          |     9 |    14 |     7 ||    30
  Use: Potion            |       |     1 |       ||     1
       Scroll            |       |     7 |       ||     7
Armor: Scale mail        |    27 |       |       ||    27
       Ring mail         |     8 |    35 |    17 ||    60
Dodge: Dodged            |    29 |    48 |    31 ||   108
Block: Buckler           |    19 |    13 |    12 ||    44

Table legend: (Time is in decaauts)
 A = Elapsed time spent in this place.
 B = Non-inter-level travel time spent in this place.
 C = Inter-level travel time spent in this place.
 D = Time resting spent in this place.
 E = Time spent auto-exploring this place.
 F = Levels seen in this place.
 G = Mean time per level.
                   A        B        C        D        E       F      G
               +--------+--------+--------+--------+--------+-----+--------+
         Total |   3003 |   2923 |     80 |    758 |   1609 |   5 |  600.6 |
       Dungeon |   3003 |   2923 |     80 |    758 |   1609 |   5 |  600.6 |
               +--------+--------+--------+--------+--------+-----+--------+

Top non-repeatable levels by time:
     D:2: 882 daAuts
     D:3: 754 daAuts
     D:4: 645 daAuts
     D:1: 523 daAuts
     D:5: 197 daAuts
